[ AOE2 MATCH · #482105922 ]
UnrankedJapanese vs Malay
[ REPLAY ANALYSIS · EXTRACTED FROM THE RECORDED GAME ]
Feudal
10:38
Castle
17:55
Imperial
37:39
| APM avg | 26.6 |
| APM peak | 58 |
| eAPM avg | 17.4 |
| Villagers / military | 184 / 212 |
Focus
⚔️ 23.0% · 🌾 77.0%
Samurai ×206 · Knight ×3 · Spearman ×2 · Monk ×1
Feudal
11:42
Castle
28:15
Imperial
54:32
| APM avg | 11.4 |
| APM peak | 32 |
| eAPM avg | 7.3 |
| Villagers / military | 118 / 84 |
Focus
⚔️ 20.2% · 🌾 79.8%
Magyar Huszar ×39 · Cavalry Archer ×30 · Spearman ×15
Feudal
11:27
Castle
21:54
Imperial
35:50
| APM avg | 12.9 |
| APM peak | 40 |
| eAPM avg | 9.1 |
| Villagers / military | 84 / 186 |
Focus
⚔️ 44.2% · 🌾 55.8%
Spearman ×91 · Skirmisher ×80 · Karambit Warrior ×13 · Trebuchet (Packed) ×2
Feudal
11:45
Castle
33:25
Imperial
45:12
| APM avg | 24.3 |
| APM peak | 68 |
| eAPM avg | 16.3 |
| Villagers / military | 134 / 105 |
Focus
⚔️ 32.8% · 🌾 67.2%
Cavalry Archer ×63 · Serjeant ×24 · Spearman ×12 · Monk ×6
Feudal
13:12
Castle
21:59
Imperial
41:27
| APM avg | 11.4 |
| APM peak | 44 |
| eAPM avg | 6.5 |
| Villagers / military | 80 / 25 |
Focus
⚔️ 21.1% · 🌾 78.9%
Scout Cavalry ×18 · Knight ×3 · Monk ×2 · Spearman ×2
Match map
Initial resources + every placement click. Lines = walls · curves = elevation contours. ◆ gold · ⬟ stone · ● berries · ✦ relic · ◌ wall gap
Your base· Open — unwalled flank
老歪's base· Open — 4t gap
蒙牛刘's base· Open — unwalled flank
钢7连's base· Open — unwalled flank
远方是何方's base· Open — unwalled flank
Smoothed initial terrain · ◌ = detected wall gap · hover for details
Inputs per minute
— LG - - 老歪
Build order — LG
First 150 of 482 actions detected
| 0:01 | Create | Villager (Male) |
| 0:01 | Create | Villager (Male) |
| 0:04 | Build | House |
| 0:06 | Build | House |
| 0:28 | Create | Villager (Male) |
| 0:28 | Create | Villager (Male) |
| 1:39 | Create | Villager (Male) |
| 1:39 | Create | Villager (Male) |
| 2:17 | Create | Villager (Male) |
| 2:47 | Create | Villager (Male) |
| 3:05 | Create | Villager (Male) |
| 3:14 | Build | House |
| 3:29 | Create | Villager (Male) |
| 4:02 | Build | House |
| 4:03 | Build | House |
| 4:05 | Create | Villager (Male) |
| 4:22 | Create | Villager (Male) |
| 4:22 | Create | Villager (Male) |
| 4:55 | Create | Villager (Male) |
| 5:11 | Build | Lumber Camp |
| 5:17 | Create | Villager (Male) |
| 5:24 | Create | Villager (Male) |
| 5:28 | Build | House |
| 5:46 | Build | Mill |
| 5:52 | Create | Villager (Male) |
| 6:42 | Create | Villager (Male) |
| 7:25 | Create | Villager (Male) |
| 7:51 | Create | Villager (Male) |
| 8:28 | Research | Feudal Age |
| 8:45 | Build | Mill |
| 8:57 | Build | Mining Camp |
| 9:16 | Build | Mining Camp |
| 10:05 | Create | Villager (Male) |
| 10:16 | Build | Barracks |
| 10:31 | Create | Villager (Male) |
| 10:38 | Age | Feudal Age |
| 11:05 | Create | Villager (Male) |
| 11:17 | Build | Blacksmith |
| 11:31 | Build | Stable |
| 11:37 | Create | Villager (Male) |
| 12:00 | Build | Farm |
| 12:12 | Create | Villager (Male) |
| 12:17 | Build | Farm |
| 12:23 | Build | Farm |
| 12:26 | Create | Villager (Male) |
| 12:36 | Build | Farm |
| 12:43 | Create | Villager (Male) |
| 13:13 | Create | Villager (Male) |
| 13:37 | Build | Farm |
| 13:37 | Build | Farm |
| 13:38 | Build | Farm |
| 13:39 | Build | Farm |
| 13:40 | Build | Farm |
| 13:41 | Build | Farm |
| 13:48 | Create | Villager (Male) |
| 13:55 | Build | Farm |
| 14:28 | Research | Loom |
| 14:43 | Build | House |
| 14:45 | Build | House |
| 14:49 | Build | House |
| 15:15 | Research | Castle Age |
| 15:43 | Research | Horse Collar |
| 15:56 | Research | Double-Bit Axe |
| 15:56 | Research | Double-Bit Axe |
| 16:32 | Research | Gold Mining |
| 16:43 | Research | Stone Mining |
| 17:02 | Create | Spearman |
| 17:08 | Create | Spearman |
| 17:38 | Create | Villager (Male) |
| 17:39 | Create | Villager (Male) |
| 17:55 | Age | Castle Age |
| 17:59 | Create | Knight |
| 17:59 | Create | Knight |
| 18:20 | Create | Villager (Male) |
| 18:45 | Build | Town Center |
| 18:48 | Create | Villager (Male) |
| 19:03 | Build | Town Center |
| 19:06 | Create | Villager (Male) |
| 19:19 | Create | Knight |
| 19:51 | Create | Villager (Male) |
| 20:13 | Create | Villager (Male) |
| 20:42 | Create | Villager (Male) |
| 20:53 | Create | Villager (Male) |
| 20:58 | Create | Villager (Male) |
| 20:59 | Create | Villager (Male) |
| 21:02 | Create | Villager (Male) |
| 21:03 | Create | Villager (Male) |
| 21:03 | Create | Villager (Male) |
| 21:11 | Build | Farm |
| 21:11 | Build | Farm |
| 21:12 | Build | Farm |
| 21:13 | Build | Farm |
| 21:22 | Build | Town Center |
| 21:37 | Create | Villager (Male) |
| 22:00 | Create | Villager (Male) |
| 22:06 | Create | Villager (Male) |
| 22:09 | Create | Villager (Male) |
| 22:10 | Create | Villager (Male) |
| 22:19 | Create | Villager (Male) |
| 22:24 | Build | Farm |
| 22:25 | Build | Farm |
| 22:27 | Build | Farm |
| 22:28 | Build | Farm |
| 22:29 | Build | Farm |
| 22:34 | Create | Villager (Male) |
| 22:48 | Create | Villager (Male) |
| 23:00 | Build | Castle |
| 23:08 | Create | Villager (Male) |
| 23:10 | Build | House |
| 23:12 | Build | House |
| 23:13 | Build | House |
| 23:14 | Build | House |
| 23:29 | Build | Monastery |
| 23:33 | Create | Villager (Male) |
| 23:37 | Create | Villager (Male) |
| 23:37 | Create | Villager (Male) |
| 23:41 | Build | Farm |
| 23:42 | Build | Farm |
| 23:42 | Build | Farm |
| 23:54 | Build | Farm |
| 23:58 | Create | Villager (Male) |
| 24:00 | Create | Villager (Male) |
| 24:17 | Create | Villager (Male) |
| 24:17 | Create | Villager (Male) |
| 24:21 | Create | Villager (Male) |
| 24:24 | Create | Villager (Male) |
| 24:32 | Build | Farm |
| 24:32 | Build | Farm |
| 24:33 | Build | Farm |
| 24:33 | Build | Farm |
| 24:35 | Build | Farm |
| 24:45 | Create | Villager (Male) |
| 24:47 | Create | Villager (Male) |
| 24:48 | Create | Villager (Male) |
| 25:09 | Build | House |
| 25:10 | Build | House |
| 25:11 | Build | House |
| 25:12 | Build | House |
| 25:13 | Create | Villager (Male) |
| 25:15 | Create | Villager (Male) |
| 25:16 | Create | Villager (Male) |
| 25:24 | Create | Monk |
| 25:28 | Create | Samurai ×3 |
| 25:44 | Build | Lumber Camp |
| 25:47 | Create | Villager (Male) |
| 25:50 | Create | Villager (Male) |
| 25:55 | Create | Samurai ×3 |
| 26:11 | Research | Scale Mail Armor |
| 26:21 | Create | Samurai ×3 |
| 26:32 | Build | Farm |
Build order — 老歪
First 150 of 220 actions detected
| 0:05 | Create | Villager (Male) ×4 |
| 0:11 | Build | House |
| 0:12 | Build | House |
| 0:15 | Build | House |
| 1:41 | Create | Villager (Male) |
| 2:10 | Research | Loom |
| 2:32 | Create | Villager (Male) |
| 2:33 | Create | Villager (Male) |
| 3:21 | Create | Villager (Male) |
| 4:28 | Create | Villager (Male) |
| 4:29 | Create | Villager (Male) |
| 4:29 | Create | Villager (Male) |
| 4:43 | Build | Lumber Camp |
| 5:21 | Create | Villager (Male) |
| 5:21 | Create | Villager (Male) |
| 5:21 | Create | Villager (Male) |
| 5:22 | Create | Villager (Male) |
| 6:23 | Create | Villager (Male) |
| 6:23 | Create | Villager (Male) |
| 6:32 | Build | House |
| 6:41 | Build | Mill |
| 6:52 | Build | House |
| 8:13 | Build | Barracks |
| 8:17 | Create | Villager (Male) |
| 8:18 | Create | Villager (Male) |
| 8:51 | Build | Mining Camp |
| 9:07 | Create | Villager (Male) |
| 9:31 | Research | Feudal Age |
| 9:31 | Research | Feudal Age |
| 9:57 | Build | Mining Camp |
| 10:04 | Build | House |
| 10:05 | Build | House |
| 10:06 | Build | House |
| 10:08 | Build | House |
| 11:04 | Create | Villager (Male) |
| 11:22 | Build | House |
| 11:42 | Age | Feudal Age |
| 11:50 | Create | Spearman |
| 11:51 | Create | Spearman |
| 12:03 | Build | Farm |
| 12:09 | Build | Farm |
| 12:10 | Build | Farm |
| 12:53 | Build | Blacksmith |
| 13:08 | Build | Watch Tower |
| 13:23 | Build | Watch Tower |
| 13:31 | Create | Villager (Male) ×3 |
| 13:59 | Build | Lumber Camp |
| 14:10 | Build | House |
| 14:11 | Build | House |
| 14:13 | Build | House |
| 14:40 | Create | Villager (Male) ×3 |
| 14:59 | Build | Watch Tower |
| 15:22 | Build | House |
| 15:26 | Build | House |
| 15:27 | Build | House |
| 15:30 | Build | House |
| 15:31 | Build | House |
| 15:36 | Create | Villager (Male) |
| 15:36 | Create | Villager (Male) |
| 16:07 | Build | Mining Camp |
| 16:32 | Research | Double-Bit Axe |
| 16:46 | Build | Farm |
| 16:48 | Build | Farm |
| 17:19 | Build | Watch Tower |
| 18:27 | Build | Farm |
| 18:31 | Build | Farm |
| 18:34 | Build | Farm |
| 18:35 | Build | Farm |
| 18:59 | Build | Mining Camp |
| 19:08 | Create | Villager (Male) ×3 |
| 19:22 | Build | Mill |
| 19:26 | Build | Farm |
| 19:27 | Build | Farm |
| 19:29 | Build | Farm |
| 19:30 | Build | Farm |
| 19:32 | Build | Farm |
| 19:38 | Build | Farm |
| 19:40 | Build | Farm |
| 19:43 | Build | Farm |
| 20:15 | Build | Barracks |
| 20:56 | Build | Farm |
| 21:05 | Build | Farm |
| 21:07 | Build | Farm |
| 21:10 | Build | Farm |
| 21:12 | Build | Farm |
| 21:29 | Build | Lumber Camp |
| 22:01 | Build | Market |
| 22:12 | Research | Wheelbarrow |
| 22:54 | Create | Villager (Male) |
| 22:54 | Create | Villager (Male) |
| 22:55 | Create | Villager (Male) |
| 22:55 | Create | Villager (Male) |
| 22:55 | Create | Villager (Male) |
| 23:20 | Build | Watch Tower |
| 23:31 | Research | Fletching |
| 23:46 | Build | Mill |
| 23:48 | Build | Farm |
| 23:50 | Build | Farm |
| 23:51 | Build | Farm |
| 23:53 | Build | Farm |
| 23:54 | Build | Farm |
| 23:56 | Build | Farm |
| 23:57 | Build | Farm |
| 23:59 | Build | Farm |
| 24:07 | Build | Farm |
| 25:35 | Research | Castle Age |
| 25:45 | Create | Spearman ×2 |
| 25:52 | Create | Spearman |
| 26:00 | Create | Spearman |
| 26:00 | Create | Spearman |
| 26:02 | Create | Spearman |
| 26:06 | Create | Spearman |
| 26:10 | Create | Spearman |
| 26:10 | Create | Spearman |
| 26:19 | Build | Barracks |
| 26:26 | Build | House |
| 28:15 | Age | Castle Age |
| 30:39 | Research | Hand Cart |
| 30:52 | Build | Town Center |
| 31:10 | Research | Scale Mail Armor |
| 33:00 | Create | Villager (Male) ×5 |
| 33:00 | Create | Villager (Male) ×3 |
| 36:17 | Create | Villager (Male) |
| 36:52 | Create | Villager (Male) |
| 37:19 | Create | Villager (Male) |
| 38:01 | Research | Horse Collar |
| 38:28 | Create | Villager (Male) |
| 38:38 | Create | Villager (Male) |
| 39:19 | Create | Villager (Male) ×2 |
| 39:20 | Create | Villager (Male) ×2 |
| 39:24 | Create | Villager (Male) |
| 39:54 | Create | Villager (Male) |
| 39:54 | Create | Villager (Male) |
| 39:57 | Create | Villager (Male) |
| 40:54 | Create | Spearman ×4 |
| 41:20 | Create | Villager (Male) ×2 |
| 41:44 | Create | Villager (Male) |
| 42:33 | Research | Heavy Plow |
| 42:38 | Create | Villager (Male) |
| 42:38 | Create | Villager (Male) |
| 43:06 | Create | Villager (Male) ×4 |
| 43:55 | Create | Villager (Male) ×4 |
| 44:07 | Research | Stone Mining |
| 44:48 | Create | Villager (Male) ×3 |
| 45:07 | Create | Villager (Male) |
| 45:07 | Create | Villager (Male) |
| 45:07 | Create | Villager (Male) |
| 45:16 | Create | Villager (Male) |
| 46:07 | Create | Villager (Male) ×5 |
| 46:27 | Build | House |
Build order — 蒙牛刘
First 150 of 389 actions detected
| 0:02 | Create | Villager (Male) |
| 0:02 | Create | Villager (Male) |
| 0:03 | Create | Villager (Male) |
| 0:03 | Create | Villager (Male) |
| 0:20 | Build | House |
| 0:22 | Build | House |
| 1:23 | Research | Loom |
| 1:44 | Build | House |
| 2:25 | Create | Villager (Male) |
| 2:54 | Create | Villager (Male) |
| 2:54 | Create | Villager (Male) |
| 3:51 | Create | Villager (Male) |
| 4:25 | Create | Villager (Male) |
| 4:25 | Create | Villager (Male) |
| 4:49 | Create | Villager (Male) |
| 4:49 | Create | Villager (Male) |
| 4:57 | Build | Mill |
| 5:30 | Create | Villager (Male) |
| 5:31 | Create | Villager (Male) |
| 5:49 | Create | Villager (Male) |
| 6:23 | Create | Villager (Male) |
| 6:24 | Create | Villager (Male) |
| 6:24 | Create | Villager (Male) |
| 6:38 | Create | Villager (Male) |
| 6:38 | Create | Villager (Male) |
| 7:02 | Build | Lumber Camp |
| 7:45 | Create | Villager (Male) |
| 7:45 | Create | Villager (Male) |
| 7:45 | Create | Villager (Male) |
| 8:02 | Build | House |
| 8:45 | Build | House |
| 9:45 | Build | Farm |
| 10:00 | Build | Farm |
| 10:09 | Research | Feudal Age |
| 10:53 | Build | Mill |
| 11:08 | Build | Lumber Camp |
| 11:27 | Age | Feudal Age |
| 11:33 | Research | Double-Bit Axe |
| 11:59 | Create | Villager (Male) |
| 11:59 | Create | Villager (Male) |
| 12:03 | Research | Horse Collar |
| 12:30 | Build | Farm |
| 12:57 | Build | Mining Camp |
| 13:08 | Create | Villager (Male) |
| 13:25 | Build | House |
| 13:54 | Build | Mining Camp |
| 14:20 | Create | Villager (Male) |
| 14:38 | Create | Villager (Male) |
| 14:45 | Create | Villager (Male) |
| 14:52 | Build | Farm |
| 15:42 | Build | Farm |
| 16:04 | Create | Villager (Male) |
| 16:05 | Create | Villager (Male) |
| 16:10 | Create | Villager (Male) |
| 16:39 | Build | Farm |
| 16:40 | Build | Farm |
| 16:50 | Build | Farm |
| 17:09 | Build | Farm |
| 17:32 | Build | Blacksmith |
| 18:01 | Create | Villager (Male) |
| 18:01 | Create | Villager (Male) |
| 18:08 | Create | Villager (Male) |
| 18:23 | Build | House |
| 18:26 | Build | House |
| 18:35 | Build | Farm |
| 18:41 | Build | Farm |
| 18:52 | Build | Market |
| 19:26 | Build | Farm |
| 19:34 | Build | Farm |
| 19:56 | Build | Barracks |
| 19:59 | Build | Barracks |
| 20:18 | Research | Castle Age |
| 20:31 | Build | Farm |
| 21:26 | Create | Spearman |
| 21:27 | Create | Spearman |
| 21:27 | Create | Spearman |
| 21:47 | Build | Archery Range |
| 21:52 | Build | Archery Range |
| 21:54 | Age | Castle Age |
| 21:56 | Build | Archery Range |
| 22:08 | Research | Bow Saw |
| 22:10 | Create | Villager (Male) |
| 22:10 | Create | Villager (Male) |
| 22:11 | Create | Villager (Male) |
| 22:11 | Create | Villager (Male) |
| 22:30 | Create | Villager (Male) |
| 22:30 | Create | Villager (Male) |
| 22:31 | Create | Villager (Male) |
| 22:31 | Create | Villager (Male) |
| 23:43 | Build | Town Center |
| 23:51 | Create | Villager (Male) |
| 23:51 | Create | Villager (Male) |
| 23:51 | Create | Villager (Male) |
| 23:52 | Create | Villager (Male) |
| 24:11 | Research | Squires |
| 24:15 | Research | Pikeman (upgrade) |
| 24:38 | Build | Monastery |
| 24:47 | Create | Villager (Male) |
| 24:47 | Create | Villager (Male) |
| 24:47 | Create | Villager (Male) |
| 24:48 | Create | Villager (Male) |
| 25:06 | Create | Villager (Male) |
| 25:06 | Create | Villager (Male) |
| 25:06 | Create | Villager (Male) |
| 25:07 | Create | Villager (Male) |
| 25:07 | Create | Villager (Male) |
| 25:18 | Build | House |
| 25:21 | Build | House |
| 25:24 | Build | House |
| 25:35 | Create | Spearman |
| 25:36 | Create | Spearman |
| 25:36 | Create | Spearman |
| 26:22 | Build | University |
| 26:30 | Research | Elite Skirmisher (upgrade) |
| 26:38 | Research | Heavy Plow |
| 26:43 | Create | Villager (Male) |
| 26:43 | Create | Villager (Male) |
| 26:44 | Create | Villager (Male) |
| 27:19 | Research | Stone Mining |
| 27:35 | Build | Castle |
| 27:49 | Create | Villager (Male) |
| 27:49 | Create | Villager (Male) |
| 27:49 | Create | Villager (Male) |
| 27:49 | Create | Villager (Male) |
| 28:00 | Build | Lumber Camp |
| 28:23 | Create | Villager (Male) |
| 28:23 | Create | Villager (Male) |
| 28:24 | Create | Villager (Male) |
| 28:25 | Create | Villager (Male) |
| 28:42 | Build | Town Center |
| 28:59 | Build | House |
| 29:01 | Build | House |
| 29:31 | Create | Villager (Male) |
| 29:31 | Create | Villager (Male) |
| 29:31 | Create | Villager (Male) |
| 29:41 | Build | Farm |
| 29:44 | Build | Farm |
| 29:54 | Create | Villager (Male) |
| 29:54 | Create | Villager (Male) |
| 29:55 | Create | Villager (Male) |
| 30:04 | Build | Farm |
| 30:06 | Create | Villager (Male) |
| 30:06 | Create | Villager (Male) |
| 30:15 | Build | Farm |
| 30:56 | Build | Farm |
| 30:59 | Build | Farm |
| 31:21 | Build | Farm |
| 31:23 | Build | Farm |
| 31:26 | Build | Farm |
| 31:28 | Build | Farm |
Build order — 钢7连
First 150 of 410 actions detected
| 0:04 | Research | Loom |
| 0:05 | Create | Villager (Male) |
| 0:05 | Create | Villager (Male) |
| 0:05 | Create | Villager (Male) |
| 0:06 | Create | Villager (Male) |
| 0:06 | Create | Villager (Male) |
| 0:06 | Create | Villager (Male) |
| 0:15 | Build | House |
| 0:17 | Build | House |
| 0:19 | Build | House |
| 2:15 | Create | Villager (Male) |
| 2:15 | Create | Villager (Male) |
| 2:16 | Create | Villager (Male) |
| 2:16 | Create | Villager (Male) |
| 2:35 | Create | Villager (Male) |
| 2:36 | Create | Villager (Male) |
| 2:53 | Build | Mill |
| 2:59 | Create | Villager (Male) |
| 3:32 | Create | Villager (Male) |
| 3:56 | Create | Villager (Male) |
| 3:56 | Create | Villager (Male) |
| 4:14 | Create | Villager (Male) |
| 4:15 | Create | Villager (Male) |
| 4:28 | Create | Villager (Male) |
| 5:40 | Build | House |
| 5:42 | Build | House |
| 5:43 | Build | House |
| 5:55 | Create | Villager (Male) |
| 5:56 | Create | Villager (Male) |
| 5:56 | Create | Villager (Male) |
| 5:56 | Create | Villager (Male) |
| 5:57 | Create | Villager (Male) |
| 5:57 | Create | Villager (Male) |
| 6:57 | Build | Lumber Camp |
| 7:06 | Create | Villager (Male) |
| 7:07 | Create | Villager (Male) |
| 7:07 | Create | Villager (Male) |
| 7:07 | Create | Villager (Male) |
| 7:07 | Create | Villager (Male) |
| 7:08 | Create | Villager (Male) |
| 7:22 | Create | Villager (Male) |
| 7:22 | Create | Villager (Male) |
| 7:22 | Create | Villager (Male) |
| 8:01 | Build | Lumber Camp |
| 8:10 | Create | Villager (Male) |
| 8:11 | Create | Villager (Male) |
| 8:11 | Create | Villager (Male) |
| 8:11 | Create | Villager (Male) |
| 8:39 | Create | Villager (Male) |
| 8:40 | Create | Villager (Male) |
| 8:40 | Create | Villager (Male) |
| 8:40 | Create | Villager (Male) |
| 8:41 | Create | Villager (Male) |
| 8:41 | Create | Villager (Male) |
| 8:41 | Create | Villager (Male) |
| 8:41 | Create | Villager (Male) |
| 8:42 | Create | Villager (Male) |
| 9:15 | Build | Mining Camp |
| 9:35 | Research | Feudal Age |
| 10:28 | Build | Mining Camp |
| 10:38 | Create | Villager (Male) |
| 10:38 | Create | Villager (Male) |
| 10:38 | Create | Villager (Male) |
| 10:38 | Create | Villager (Male) |
| 10:39 | Create | Villager (Male) |
| 11:10 | Build | Donjon |
| 11:28 | Create | Villager (Male) |
| 11:28 | Create | Villager (Male) |
| 11:28 | Create | Villager (Male) |
| 11:29 | Create | Villager (Male) |
| 11:45 | Age | Feudal Age |
| 12:13 | Build | Donjon |
| 12:20 | Create | Serjeant |
| 12:20 | Create | Serjeant |
| 13:06 | Create | Serjeant |
| 13:07 | Create | Serjeant |
| 13:41 | Create | Villager (Male) |
| 13:41 | Create | Villager (Male) |
| 13:41 | Create | Villager (Male) |
| 13:42 | Create | Villager (Male) |
| 14:02 | Build | House |
| 14:53 | Create | Villager (Male) |
| 14:54 | Create | Villager (Male) |
| 14:54 | Create | Villager (Male) |
| 14:54 | Create | Villager (Male) |
| 14:54 | Create | Villager (Male) |
| 15:08 | Build | Farm |
| 15:10 | Build | Farm |
| 15:13 | Build | Farm |
| 15:15 | Build | Farm |
| 15:17 | Build | Farm |
| 15:18 | Build | Farm |
| 15:23 | Build | Farm |
| 15:24 | Build | Farm |
| 15:31 | Create | Villager (Male) |
| 15:31 | Create | Villager (Male) |
| 15:31 | Create | Villager (Male) |
| 15:31 | Create | Villager (Male) |
| 17:01 | Build | Donjon |
| 18:15 | Create | Serjeant |
| 18:15 | Create | Serjeant |
| 18:15 | Create | Serjeant |
| 18:16 | Create | Serjeant |
| 18:30 | Build | Donjon |
| 18:54 | Build | Donjon |
| 19:17 | Create | Villager (Male) |
| 19:17 | Create | Villager (Male) |
| 19:17 | Create | Villager (Male) |
| 19:41 | Build | House |
| 19:43 | Build | House |
| 19:44 | Build | House |
| 19:54 | Create | Serjeant |
| 19:55 | Create | Serjeant |
| 20:26 | Create | Spearman |
| 20:26 | Create | Spearman |
| 20:26 | Create | Spearman |
| 21:12 | Create | Spearman |
| 21:12 | Create | Spearman |
| 21:12 | Create | Spearman |
| 21:12 | Create | Spearman |
| 21:13 | Create | Spearman |
| 21:34 | Build | Farm |
| 21:36 | Build | Farm |
| 21:37 | Build | Farm |
| 21:39 | Build | Farm |
| 21:43 | Build | Farm |
| 22:13 | Create | Spearman |
| 22:13 | Create | Spearman |
| 22:14 | Create | Spearman |
| 22:14 | Create | Spearman |
| 22:36 | Build | Donjon |
| 22:51 | Build | Mining Camp |
| 23:35 | Create | Villager (Male) |
| 23:35 | Create | Villager (Male) |
| 23:36 | Create | Villager (Male) |
| 23:36 | Create | Villager (Male) |
| 23:49 | Build | Barracks |
| 24:35 | Create | Serjeant |
| 24:35 | Create | Serjeant |
| 24:35 | Create | Serjeant |
| 24:36 | Create | Serjeant |
| 24:36 | Create | Serjeant |
| 24:53 | Build | Farm |
| 24:53 | Build | Farm |
| 24:58 | Build | Farm |
| 25:00 | Build | Farm |
| 26:02 | Build | Blacksmith |
| 26:31 | Create | Serjeant |
| 26:32 | Create | Serjeant |
| 26:32 | Create | Serjeant |
Build order — 远方是何方
First 150 of 201 actions detected
| 0:12 | Build | House |
| 0:13 | Build | House |
| 0:14 | Build | House |
| 0:23 | Create | Villager (Male) |
| 0:23 | Create | Villager (Male) |
| 0:23 | Create | Villager (Male) |
| 0:24 | Create | Villager (Male) |
| 1:57 | Create | Villager (Male) |
| 2:32 | Create | Villager (Male) |
| 2:47 | Create | Villager (Male) |
| 2:48 | Create | Villager (Male) |
| 3:19 | Create | Villager (Male) |
| 3:32 | Research | Loom |
| 3:34 | Create | Villager (Male) |
| 3:55 | Build | House |
| 4:06 | Create | Villager (Male) |
| 5:41 | Create | Villager (Male) |
| 5:41 | Create | Villager (Male) |
| 5:50 | Build | Mill |
| 6:21 | Create | Villager (Male) |
| 6:55 | Create | Villager (Male) |
| 7:06 | Create | Villager (Male) |
| 7:06 | Create | Villager (Male) |
| 7:54 | Build | House |
| 8:25 | Build | Lumber Camp |
| 8:51 | Create | Villager (Male) |
| 8:51 | Create | Villager (Male) |
| 8:52 | Create | Villager (Male) |
| 9:56 | Build | Mining Camp |
| 10:10 | Create | Villager (Male) |
| 10:11 | Create | Villager (Male) |
| 11:02 | Research | Feudal Age |
| 11:18 | Build | Barracks |
| 11:46 | Build | Farm |
| 11:48 | Build | Farm |
| 11:49 | Build | Farm |
| 11:50 | Build | Farm |
| 11:52 | Build | Farm |
| 13:07 | Build | House |
| 13:12 | Age | Feudal Age |
| 13:21 | Research | Double-Bit Axe |
| 13:30 | Build | Farm |
| 13:31 | Build | Farm |
| 13:33 | Build | Farm |
| 13:34 | Build | Farm |
| 13:36 | Build | Farm |
| 13:40 | Build | Farm |
| 13:53 | Build | Farm |
| 14:11 | Build | Farm |
| 14:15 | Create | Villager (Male) |
| 14:16 | Create | Villager (Male) |
| 14:17 | Create | Villager (Male) |
| 14:34 | Build | House |
| 14:56 | Create | Villager (Male) |
| 15:06 | Build | Farm |
| 15:15 | Build | House |
| 15:22 | Create | Villager (Male) |
| 15:23 | Create | Villager (Male) |
| 15:43 | Build | Blacksmith |
| 15:56 | Create | Villager (Male) |
| 15:56 | Create | Villager (Male) |
| 16:32 | Build | Stable |
| 16:42 | Build | House |
| 16:48 | Create | Villager (Male) |
| 16:49 | Create | Villager (Male) |
| 16:54 | Research | Horse Collar |
| 17:23 | Build | House |
| 17:25 | Build | House |
| 17:45 | Build | Market |
| 17:52 | Create | Spearman |
| 17:52 | Create | Spearman |
| 19:19 | Research | Castle Age |
| 19:38 | Build | Mining Camp |
| 20:04 | Build | Stable |
| 20:57 | Build | Stable |
| 21:52 | Build | Stable |
| 21:59 | Age | Castle Age |
| 22:33 | Research | Forging |
| 22:42 | Research | Bloodlines |
| 22:43 | Research | Light Cavalry (upgrade) |
| 23:01 | Create | Villager (Male) |
| 23:01 | Create | Villager (Male) |
| 23:01 | Create | Villager (Male) |
| 24:03 | Build | Town Center |
| 24:09 | Create | Villager (Male) |
| 24:09 | Create | Villager (Male) |
| 24:36 | Create | Scout Cavalry |
| 24:36 | Create | Scout Cavalry |
| 24:38 | Create | Scout Cavalry |
| 24:38 | Create | Scout Cavalry |
| 24:39 | Create | Scout Cavalry |
| 24:41 | Research | Husbandry |
| 24:43 | Create | Scout Cavalry |
| 24:44 | Create | Scout Cavalry |
| 24:48 | Research | Scale Barding Armor |
| 25:59 | Build | Town Center |
| 26:05 | Create | Villager (Male) |
| 26:05 | Create | Villager (Male) |
| 26:06 | Create | Villager (Male) |
| 26:13 | Create | Scout Cavalry |
| 26:13 | Create | Scout Cavalry |
| 26:13 | Create | Scout Cavalry |
| 26:27 | Create | Knight |
| 26:28 | Create | Knight |
| 26:33 | Create | Knight |
| 26:37 | Create | Scout Cavalry |
| 26:40 | Create | Scout Cavalry |
| 28:01 | Research | Iron Casting |
| 28:12 | Create | Villager (Male) |
| 28:12 | Create | Villager (Male) |
| 28:13 | Create | Villager (Male) |
| 28:13 | Create | Villager (Male) |
| 28:13 | Create | Villager (Male) |
| 30:15 | Research | Chain Barding Armor |
| 31:02 | Research | Fletching |
| 31:07 | Create | Villager (Male) |
| 31:08 | Create | Villager (Male) |
| 31:08 | Create | Villager (Male) |
| 31:09 | Create | Villager (Male) |
| 31:09 | Create | Villager (Male) |
| 31:10 | Create | Villager (Male) |
| 31:10 | Create | Villager (Male) |
| 31:23 | Build | Farm |
| 31:25 | Build | Farm |
| 31:27 | Build | Farm |
| 31:28 | Build | Farm |
| 31:30 | Build | Farm |
| 31:32 | Build | Farm |
| 31:33 | Build | Farm |
| 33:14 | Build | Castle |
| 33:20 | Build | House |
| 33:21 | Build | House |
| 33:22 | Build | House |
| 33:25 | Build | House |
| 33:27 | Build | House |
| 33:33 | Build | House |
| 33:35 | Build | House |
| 33:59 | Build | Monastery |
| 34:11 | Build | Lumber Camp |
| 34:16 | Create | Villager (Male) |
| 34:16 | Create | Villager (Male) |
| 34:17 | Create | Villager (Male) |
| 34:17 | Create | Villager (Male) |
| 34:17 | Create | Villager (Male) |
| 34:17 | Create | Villager (Male) |
| 34:18 | Create | Villager (Male) |
| 34:23 | Create | Villager (Male) |
| 34:24 | Create | Villager (Male) |
| 34:24 | Create | Villager (Male) |
| 34:24 | Create | Villager (Male) |
Match timeline
| 8:13 | 老歪 · first_building Barracks |
| 10:16 | LG · first_building Barracks |
| 10:38 | LG · age_up feudal |
| 11:10 | 钢7连 · first_building Donjon |
| 11:18 | 远方是何方 · first_building Barracks |
| 11:27 | 蒙牛刘 · age_up feudal |
| 11:31 | LG · first_building Stable |
| 11:42 | 老歪 · age_up feudal |
| 11:45 | 钢7连 · age_up feudal |
| 13:12 | 远方是何方 · age_up feudal |
| 16:32 | 远方是何方 · first_building Stable |
| 17:55 | LG · age_up castle |
| 19:56 | 蒙牛刘 · first_building Barracks |
| 21:47 | 蒙牛刘 · first_building Archery Range |
| 21:54 | 蒙牛刘 · age_up castle |
| 21:59 | 远方是何方 · age_up castle |
| 23:00 | LG · first_building Castle |
| 23:29 | LG · first_building Monastery |
| 23:49 | 钢7连 · first_building Barracks |
| 24:38 | 蒙牛刘 · first_building Monastery |
| 25:21 | 老歪 · first_market_buy 100 food |
| 27:35 | 蒙牛刘 · first_building Castle |
| 28:15 | 老歪 · age_up castle |
| 28:56 | 钢7连 · first_building Archery Range |
| 33:14 | 远方是何方 · first_building Castle |
| 33:25 | 钢7连 · age_up castle |
| 33:39 | 钢7连 · first_building Castle |
| 33:56 | 钢7连 · first_building Monastery |
| 33:59 | 远方是何方 · first_building Monastery |
| 35:50 | 蒙牛刘 · age_up imperial |
| 37:39 | LG · age_up imperial |
| 40:47 | LG · first_market_sell 500 wood |
| 41:27 | 远方是何方 · age_up imperial |
| 42:20 | 老歪 · first_market_sell 100 stone |
| 45:12 | 钢7连 · age_up imperial |
| 45:33 | 远方是何方 · resign |
| 49:57 | 老歪 · first_building Monastery |
| 50:18 | LG · tribute_sent a jugador 1 |
| 50:18 | LG · tribute_sent a jugador 3 |
| 50:18 | LG · tribute_sent a jugador 4 |
| 50:18 | LG · tribute_sent a jugador 5 |
| 51:31 | 老歪 · first_building Castle |
| 51:40 | 老歪 · first_building Archery Range |
| 51:52 | LG · tribute_sent a jugador 1 |
| 51:52 | LG · tribute_sent a jugador 3 |
| 51:52 | LG · tribute_sent a jugador 4 |
| 51:52 | LG · tribute_sent a jugador 5 |
| 52:10 | LG · tribute_sent a jugador 1 |
| 52:10 | LG · tribute_sent a jugador 3 |
| 52:10 | LG · tribute_sent a jugador 4 |
| 52:10 | LG · tribute_sent a jugador 5 |
| 52:29 | 老歪 · first_building Stable |
| 54:32 | 老歪 · age_up imperial |
| 56:25 | LG · tribute_sent a jugador 1 |
| 56:25 | LG · tribute_sent a jugador 3 |
| 56:25 | LG · tribute_sent a jugador 4 |
| 56:25 | LG · tribute_sent a jugador 5 |
| 57:33 | LG · tribute_sent a jugador 1 |
| 57:33 | LG · tribute_sent a jugador 3 |
| 57:33 | LG · tribute_sent a jugador 4 |
| 57:33 | LG · tribute_sent a jugador 5 |
[ AI ANALYSIS · 1 CREDIT ]
What really happened in this match?
Wolo.gg analyzes every decision: build order, eco, micro, common mistakes by bracket. Personalized analysis on WhatsApp or Discord in 30 seconds.
Civ guide
Japanese
Perfil
Jugador #22248064